 Dungeon Crawl Stone Soup version 0.29-a0-1027-gcd8c55af63 (webtiles) character file.

Game seed: 5746590617924703118

3698 Drevant2 the Protected (level 9, -11/61 HPs)
             Began as a Demonspawn Gladiator on Aug 13, 2022.
             Was a Believer of Okawaru.
             Mangled by a komodo dragon (23 damage)
             ... on level 8 of the Dungeon.
             The game lasted 00:23:27 (10907 turns).

Drevant2 the Protected (Demonspawn Gladiator)      Turns: 10907, Time: 00:23:28

Health: -11/61     AC: 14    Str: 14    XL:     9   Next: 91%
Magic:  9/9        EV: 15    Int: 15    God:    Okawaru [**....]
Gold:   204        SH:  4    Dex: 20    Spells: 8/8 levels left

rFire   . . .      SeeInvis .   a - +0 long sword
rCold   . . .      Faith    .   (no shield)
rNeg    . . .      Spirit   .   u - +0 scale mail
rPois   .          Reflect  .   c - +0 helmet
rElec   .          Harm     .   B - +2 cloak
rCorr   .          Rampage  .   (no gloves)
Will    .....                   (no boots)
Stlth   ..........              (no amulet)
HPRegen 0.20/turn               C - +4 ring of evasion
MPRegen 0.11/turn               l - +6 ring of intelligence

@: attractive
A: foul stench 1, condensation shield, demonic touch 2
a: Renounce Religion, Heroism


You were on level 8 of the Dungeon.
You worshipped Okawaru.
Okawaru was pleased with you.
You visited 2 branches of the dungeon, and saw 10 of its levels.

You collected 318 gold pieces.
You spent 114 gold pieces at shops.

Inventory:

Hand Weapons
 a - a +0 long sword (weapon)
 v - a +0 whip
Missiles
 d - 2 throwing nets
 e - 5 javelins
 k - 3 silver javelins (quivered)
Armour
 b - a +0 leather armour
 c - a +0 helmet (worn)
 p - a scarf of shadows
 t - a scarf of harm
 u - a +0 scale mail (worn)
 B - a +2 cloak (worn)
Jewellery
 j - a ring of fire
 l - a +6 ring of intelligence (right hand)
 n - a ring of magical power
 o - a ring of magical power
 C - a +4 ring of evasion (left hand)
Wands
 z - a wand of charming (3)
 J - a wand of acid (4)
Scrolls
 f - a scroll of magic mapping {unknown}
 g - a scroll of poison {unknown}
 h - 2 scrolls of fear {unknown}
 i - a scroll of silence {unknown}
 m - 3 scrolls of identify
 r - 2 scrolls of noise {unknown}
 w - a scroll of immolation {unknown}
 x - a scroll of torment {unknown}
 y - a scroll of enchant weapon {unknown}
 D - a scroll of enchant armour {unknown}
 F - a scroll of brand weapon
 K - a scroll of blinking
 L - a scroll of vulnerability {unknown}
 M - a scroll of fog {unknown}
 N - a scroll of summoning {unknown}
Potions
 q - a potion of cancellation
 s - 2 potions of curing
 A - 2 potions of attraction
 E - a potion of might {unknown}
 G - a potion of haste {unknown}
 H - a potion of flight {unknown}
 I - a potion of ambrosia {unknown}


   Skills:
 - Level 2.1 Fighting
 - Level 5.1 Long Blades
 - Level 3.1 Throwing
 * Level 11.8 Armour
 - Level 3.0 Dodging


You had 8 spell levels left.
You didn't know any spells.
Your spell library contained the following spells:

 Spells                   Type           Power      Damage    Failure   Level
 Apportation              Tloc           0%         N/A       63%         1
 Magic Dart               Conj           0%         1d3       63%         1
 Necrotise                Necr           0%         1d4       63%         1
 Searing Ray              Conj           0%         2d4       77%         2
 Fulminant Prism          Conj/Hex       0%         3d6       100%        4
 Passage of Golubria      Tloc           0%         N/A       100%        4
 Silence                  Hex/Air        0%         N/A       100%        5
 Orb of Destruction       Conj           0%         9d5       100%        7
 Lehudib's Crystal Spear  Conj/Erth      0%         10d2      100%        8
 Summon Small Mammal      Summ           Unusable   N/A       N/A         1
 Call Canine Familiar     Summ           Unusable   N/A       N/A         3
 Summon Guardian Golem    Hex/Summ       Unusable   N/A       N/A         3
 Spellforged Servitor     Conj/Summ      Unusable   N/A       N/A         7

Dungeon Overview and Level Annotations

Branches:
Dungeon (9/15)             Temple (1/1) D:6            Lair (0/5) D:8
    Orc: D:9-12

Altars:
Ashenzari
Cheibriados
Fedhas
Gozag
Kikubaaqudgha
Makhleb
Nemelex Xobeh
Okawaru
Sif Muna
Trog
Vehumet
Yredelemnul

Shops:
D:6 !*

Annotations:
D:4 Dowan, Duvessa, Eustachio
D:6 Grinder


Innate Abilities, Weirdness & Mutations

You may rarely emit foul miasma when damaged in melee.
A meltable shield of frost defends you. (SH +4)
Your touch may inflict irresistible damage on your foes.


Message History

The killer bee is severely wounded.
You feel very sick. The killer bee stings you.
* * * LOW HITPOINT WARNING * * *
You are more poisoned.
The killer bee poisons you! The killer bee misses you.
The killer bee stings you but does no damage.
You closely miss the killer bee.
The killer bee is severely wounded.
You feel very sick. The killer bee misses you.
The killer bee stings you but does no damage.
You miss the killer bee.
You touch the killer bee.
You kill the killer bee!
Okawaru accepts your kill.
You feel very sick.
You feel very sick.
You see here a killer bee corpse.
You feel sick.
The komodo dragon hisses angrily.
You feel sick.
There is a stone staircase leading down, spattered with blood here.
You feel sick.
You feel sick.
You feel sick.
A komodo dragon is nearby!
You feel sick.
You feel sick.
You feel sick.
You are no longer poisoned.
Okay, then.
It was a potion of attraction.
You feel attractive to monsters.
The komodo dragon is attracted toward you.
The komodo dragon attacks as you move away!
The komodo dragon bites you.
* * * LOW HITPOINT WARNING * * *
The komodo dragon attacks as you move away!
The komodo dragon bites you!!
You die...

#.#.......##.#.#.#
...........#.#.#.#
#..............#.#
#.........##.#.#.#
#.##......##.#.#.#
#.##....#.##.#.#.#
..##......##.#.#.#
..P.....####.###l#
P.P...#.####.###@#
........#........#
.......###########
.....P...........#
###.P...########.#
>.#P........# #.#
.)'.....###.# #.#
###.....# #.####.#
....P...# #......#


You could see a komodo dragon.

Vanquished Creatures
  A shadow (D:7)
  A wraith (D:8)
  Menkaure (D:7)
  A water moccasin (D:6)
  4 orc warriors
  An ice beast (D:7)
  2 black bears
  An ogre (D:6)
  3 centaurs
  2 phantoms
  2 kobold brigands
  A bullfrog (D:8)
  3 necrophages
  4 scorpions
  5 wights (D:7)
  2 killer bees (D:8)
  3 howler monkeys
  3 orc priests (D:5)
  6 hounds
  Crazy Yiuf (D:5)
  3 jellies
  2 gnoll boudas
  3 iguanas
  3 orc wizards
  13 gnolls
  7 adders
  3 white imps
  4 ufetubi
  A worm (D:3)
  33 orcs
  7 endoplasms
  4 giant cockroaches
  4 goblins
  5 hobgoblins
  A jackal (D:5)
  15 kobolds
  5 quokkas
  5 ball pythons
  6 bats
  2 frilled lizards
  13 rats
186 creatures vanquished.

Vanquished Creatures (others)
  7 fungi (D:8)
  8 plants (D:8)
15 creatures vanquished.

Grand Total: 201 creatures vanquished

Notes
Turn   | Place    | Note
-------+----------+-------------------------------------------
     0 | D:1      | Drevant2 the Demonspawn Gladiator began the quest for the
                  | Orb.
     0 | D:1      | Reached XP level 1. HP: 16/16 MP: 1/1
   620 | D:1      | Gained mutation: Your touch may inflict minor irresistible
                  | damage on your foes. [demonic ancestry]
   620 | D:1      | Reached XP level 2. HP: 22/22 MP: 2/2
  1129 | D:2      | Found a faded altar of an unknown god.
  1144 | D:2      | Identified the +1 robe of Quhopucs {rElec rF- Int+4}
  1544 | D:2      | Reached XP level 3. HP: 26/27 MP: 3/3
  2453 | D:2      | Reached XP level 4. HP: 30/33 MP: 4/4
  3014 | D:3      | Gained mutation: A meltable shield of frost defends you.
                  | (SH +4) [demonic ancestry]
  3014 | D:3      | Reached XP level 5. HP: 29/38 MP: 5/5
  3978 | D:4      | Noticed Dowan
  3979 | D:4      | Noticed Duvessa
  4154 | D:4      | Noticed Eustachio
  4262 | D:5      | Entered Level 5 of the Dungeon
  4322 | D:5      | Reached skill level 5 in Long Blades
  4334 | D:5      | Reached skill level 1 in Armour
  4347 | D:5      | Reached XP level 6. HP: 40/44 MP: 6/6
  4362 | D:5      | Reached skill level 2 in Armour
  4455 | D:5      | Reached skill level 3 in Armour
  4791 | D:5      | Gained mutation: Your touch may inflict irresistible damage
                  | on your foes. [demonic ancestry]
  4791 | D:5      | Reached XP level 7. HP: 47/50 MP: 7/7
  4795 | D:5      | Reached skill level 4 in Armour
  5127 | D:5      | Found a runed translucent door.
  5128 | D:5      | Noticed Crazy Yiuf
  5164 | D:5      | Reached skill level 5 in Armour
  5467 | D:5      | Killed Crazy Yiuf
  5781 | D:6      | Found Nothuc's General Store.
  5800 | D:6      | Bought a scroll of brand weapon for 114 gold pieces
  5995 | D:6      | Reached skill level 6 in Armour
  6165 | D:6      | Noticed Grinder
  6165 | D:6      | Paralysed by Grinder for 2 turns
  6276 | D:5      | Reached XP level 8. HP: 55/56 MP: 8/8
  6565 | D:6      | Found a staircase to the Ecumenical Temple.
  6593 | D:6      | Found Xaubam's Distillery.
  7116 | D:6      | Reached skill level 7 in Armour
  7596 | Temple   | Entered the Ecumenical Temple
  7694 | Temple   | Became a worshipper of Warmaster Okawaru
  7748 | D:6      | Paralysed by Grinder for 3 turns
  7775 | D:6      | Reached skill level 8 in Armour
  8048 | D:6      | Reached skill level 9 in Armour
  8437 | D:7      | Gained mutation: You may rarely emit foul miasma when
                  | damaged in melee. [demonic ancestry]
  8437 | D:7      | Reached XP level 9. HP: 50/61 MP: 9/9
  8499 | D:7      | Reached * piety under Okawaru
  8654 | D:7      | Reached skill level 10 in Armour
  8902 | D:7      | Noticed Menkaure
  8905 | D:7      | Killed Menkaure
  9384 | D:8      | Noticed a komodo dragon
  9765 | D:8      | Reached ** piety under Okawaru
  9766 | D:8      | Reached skill level 11 in Armour
  9884 | D:8      | Found a staircase to the Lair.
 10224 | D:8      | Found a radiant altar of Vehumet.
 10907 | D:8      | Mangled by a komodo dragon

Illustrated notes

Levels and vault maps discovered:
D:1:      beargit_arrival_diablo_church, layout_basic
D:2:      layout_basic, basic_ecumenical_altar
D:3:      minmay_general_purpose_star, layout_loops_ring,
          minmay_misc_feat_square, corexii_corridor_pit, minmay_checkerbox
D:4:      layout_rooms, kennysheep_little_box, bh_walls_and_bars,
          uniq_eustachio, uniq_duvessa, uniq_blork_the_orc
D:5:      layout_basic, minivault_19, st_stairs_4, uniq_crazy_yiuf_cottage
D:6:      layout_loops_ring, temple_pool_b, serial_shops,
          nicolae_shop_waterfront, shop_statue, small_statue_intersection,
          uniq_grinder
D:7:      layout_basic, uniq_menkaure
D:8:      layout_basic, vehumet_crystals, grunt_lair_entry_orc_guard_hut,
          kennysheep_generic_room_13
D:9:      layout_stronghold, xom_teletrap_fun, nicolae_ru_awakened_eye,
          minmay_orc_entry_temple_small, enter_bailey_5, solitary_fountain
Temple:   minmay_crystal_spiral_temple

Skill      XL: |  1  2  3  4  5  6  7  8  9 |
---------------+----------------------------+-----
Long Blades    | 3 4 5 |  5.1
Dodging        | 3 |  3.0
Throwing       | 2 3 |  3.1
Armour         | 1 3 6 9 11 | 11.8
Fighting       | |  2.1

Action                   |  1- 3 |  4- 6 |  7- 9 || total
-------------------------+-------+-------+-------++-------
Melee: Long sword        |    86 |   116 |   361 ||   563
       Touch             |    10 |    24 |    63 ||    97
       Punch             |       |     1 |     3 ||     4
Throw: Throwing net      |     1 |     2 |     4 ||     7
       Javelin           |       |    14 |    19 ||    33
  Use: Potion            |       |     3 |     4 ||     7
       Scroll            |       |     1 |     6 ||     7
Armor: Leather armour    |    25 |       |       ||    25
       Scale mail        |       |    50 |   134 ||   184
       Skin              |       |       |    13 ||    13
Dodge: Dodged            |    58 |    64 |   260 ||   382
Block: Other             |       |    19 |    74 ||    93

Table legend: (Time is in decaauts)
 A = Elapsed time spent in this place.
 B = Non-inter-level travel time spent in this place.
 C = Inter-level travel time spent in this place.
 D = Time resting spent in this place.
 E = Time spent auto-exploring this place.
 F = Levels seen in this place.
 G = Mean time per level.
                   A        B        C        D        E       F      G
               +--------+--------+--------+--------+--------+-----+--------+
         Total |  11056 |   9855 |   1201 |   3349 |   4783 |  10 | 1105.6 |
       Dungeon |  10905 |   9772 |   1133 |   3349 |   4715 |   9 | 1211.7 |
        Temple |    151 |     83 |     68 |      0 |     68 |   1 |  151.0 |
               +--------+--------+--------+--------+--------+-----+--------+

Top non-repeatable levels by time:
     D:5: 2015 daAuts
     D:6: 1870 daAuts
     D:3: 1502 daAuts
     D:8: 1423 daAuts
     D:2: 1362 daAuts
     D:1: 1136 daAuts
     D:7: 1073 daAuts
     D:4: 296 daAuts
     D:9: 223 daAuts
  Temple: 151 daAuts
